 Dungeon Crawl Stone Soup version 0.28.0-53-g5a82cb258f (webtiles) character file.

Game seed: 4273903356747162655

175 Peloso the Skirmisher (level 5, -5/47 HPs)
             Began as a Minotaur Fighter on June 4, 2022.
             Slain by Duvessa
             ... wielding a +0 short sword
              (15 damage)
             ... on level 4 of the Dungeon.
             The game lasted 00:03:22 (2302 turns).

Peloso the Skirmisher (Minotaur Fighter)            Turns: 2302, Time: 00:03:23

Health: -5/47      AC:  8    Str: 21    XL:     5   Next: 29%
Magic:  4/4        EV:  9    Int:  5    God:
Gold:   136        SH:  5    Dex: 17    Spells: 4/4 levels left

rFire   . . .      SeeInvis .   a - +0 long sword
rCold   . . .      Faith    .   c - +0 buckler
rNeg    . . .      Spirit   .   b - +0 scale mail
rPois   .          Reflect  .   (helmet restricted)
rElec   .          Harm     .   (no cloak)
rCorr   .          Rampage  .   n - +0 pair of gloves
Will    .....                   (no boots)
Stlth   ..........              (no amulet)
HPRegen 0.15/turn               k - +6 ring of dexterity
MPRegen 0.09/turn               (no ring)

@: mighty
A: horns 2, retaliatory headbutt
a: no special abilities


You were on level 4 of the Dungeon.
You visited 1 branch of the dungeon, and saw 4 of its levels.

You collected 136 gold pieces.

Inventory:

Hand Weapons
 a - a +0 long sword (weapon)
Armour
 b - a +0 scale mail (worn)
 c - a +0 buckler (worn)
 n - a +0 pair of gloves (worn)
Jewellery
 k - a +6 ring of dexterity (left hand)
Scrolls
 e - a scroll of enchant armour {unknown}
 f - a scroll of brand weapon {unknown}
 h - 3 scrolls of identify {unknown}
 l - a scroll of teleportation {unknown}
 o - a scroll of vulnerability {unknown}
Potions
 d - a potion of might
 g - a potion of curing {unknown}
 i - a potion of degeneration {unknown}
 j - 2 potions of heal wounds {unknown}
 m - a potion of flight {unknown}
 p - a potion of haste {unknown}


   Skills:
 + Level 4.8 Fighting
 + Level 3.8 Long Blades
 + Level 4.7 Armour
 + Level 0.3 Dodging
 + Level 0.3 Stealth
 + Level 4.7 Shields


You had 4 spell levels left.
You didn't know any spells.
Your spell library contained the following spells:

 Spells                   Type           Power      Damage    Failure   Level
 Passage of Golubria      Tloc           0%         N/A       100%        4
 Silence                  Hex/Air        0%         N/A       100%        5
 Lehudib's Crystal Spear  Conj/Erth      0%         10d2      100%        8


Dungeon Overview and Level Annotations

Branches:
Dungeon (4/15)
 Temple: D:4-7

Altars:
Ashenzari
Nemelex Xobeh
The Shining One

Shops:
D:2 [

Annotations:
D:4 Duvessa


Innate Abilities, Weirdness & Mutations

You have a pair of horns on your head.
You reflexively headbutt those who attack you in melee.


Message History

Dowan is heavily wounded.
You feel sick.
Duvessa says, "My weaknesses are his strengths!"
Duvessa hits you but does no damage. You block Dowan's attack.
Duvessa hits you but does no damage.
You closely miss Dowan. Your headbutt misses Dowan.
Dowan is heavily wounded.
You feel sick. Duvessa hits you but does no damage. You block Dowan's attack.
You block Duvessa's attack.
You completely miss Dowan. You headbutt Dowan.
Dowan is severely wounded.
You feel sick. You block Duvessa's attack.
Dowan hits you with a +2 dagger of venom.
You are more poisoned.
Duvessa says, "Did you see that move?
Perfect!"
Duvessa hits you with a +0 short sword. Dowan barely misses you.
You furiously retaliate!
You headbutt Dowan!
You kill Dowan!
Duvessa screams, "No!
How DARE you!"
Duvessa goes berserk!
You have reached level 5!
You closely miss Duvessa.
You feel sick. You block Duvessa's attack. x2
Unknown command.
You hit Duvessa but do no damage.
You feel sick. You block Duvessa's attack. Duvessa closely misses you.
You barely miss Duvessa.
You feel sick. Duvessa completely misses you. You block Duvessa's attack.
You hit Duvessa. You headbutt Duvessa!
Duvessa is moderately wounded.
You feel sick. You block Duvessa's attack. Duvessa completely misses you.
You hit Duvessa. You headbutt Duvessa!
Duvessa is heavily wounded.
You feel sick. Duvessa barely misses you. Duvessa closely misses you.
You furiously retaliate!
You headbutt Duvessa! You barely miss Duvessa.
Duvessa is severely wounded.
You feel sick.
You are no longer poisoned.
Duvessa hits you with a +0 short sword!
You die...

.#.#.#.#..... ....#
.........#..###....
.#.#.#.#.#..#.....#
...........#.....#
..........#.....#
#......+.....#
#......#.....##
#..###'#......#
#.@#<.........#
#e)#(.........#
#..#..........#
#..#..........+
#..#..........#
#..#............
#..#......#.#.#.
#..#...........


You could see Duvessa (berserk, fast).

Vanquished Creatures
  Dowan (D:4)
  2 orc priests (D:3)
  2 adders (D:2)
  A dart slug (D:2)
  3 orcs (D:3)
  5 ball pythons
  2 bats (D:1)
  4 giant cockroaches
  4 goblins
  6 hobgoblins
  8 kobolds
  2 quokkas (D:3)
  A frilled lizard (D:2)
  9 rats
50 creatures vanquished.

Vanquished Creatures (others)
  8 fungi (D:3)
  9 plants (D:3)
17 creatures vanquished.

Grand Total: 67 creatures vanquished

Notes
Turn   | Place    | Note
-------+----------+-------------------------------------------
     0 | D:1      | Peloso the Minotaur Fighter began the quest for the Orb.
     0 | D:1      | Reached XP level 1. HP: 19/19 MP: 0/0
    31 | D:1      | You fall into a shaft and drop 1 floor!
   263 | D:2      | Reached XP level 2. HP: 27/27 MP: 1/1
   537 | D:2      | Found Doho's Armour Emporium.
   639 | D:2      | Found a broken altar of Ashenzari.
   646 | D:2      | Reached XP level 3. HP: 33/33 MP: 2/2
  1550 | D:3      | Reached XP level 4. HP: 21/41 MP: 3/3
  1915 | D:3      | Found a glowing golden altar of the Shining One.
  1975 | D:3      | Found a sparkling altar of Nemelex Xobeh.
  2052 | D:3      | Noticed an orc warrior
  2287 | D:4      | Noticed Duvessa
  2287 | D:4      | Noticed Dowan
  2296 | D:4      | Killed Dowan
  2297 | D:4      | Reached XP level 5. HP: 18/47 MP: 4/4
  2302 | D:4      | Slain by Duvessa

Illustrated notes

Levels and vault maps discovered:
D:1:      saegor_arrival_simple_d, layout_loops_cross, st_stairs_14,
          lemuel_old_faithful
D:2:      layout_basic, basic_altar, serial_shops, shop_fountains
D:3:      minmay_spotlight, layout_loops_ring, amcnicky_altar_gilded,
          mainiacjoe_overflow_paths, gammafunk_temple_overflow_forgotten,
          dreamdust_ecumenical_altar_grove
D:4:      layout_gridville, led_xom_imps, minmay_temple_entry_nine_rooms,
          serial_glass, glass_columns_c, glass_columns_c, glass_columns_b,
          glass_columns_b, glass_columns_a, glass_columns_a, glass_columns_a,
          glass_columns_b, due_unseen_surprise, minmay_strange_pillars,
          uniq_duvessa

Skill      XL: |  1  2  3 |
---------------+----------+-----
Fighting       | 4 |  4.8
Armour         | 4 |  4.7
Shields        | 4 |  4.7
Long Blades    | 3 |  3.8
Dodging        | |  0.3
Stealth        | |  0.3

Action                   |  1- 3 |  4- 6 || total
-------------------------+-------+-------++-------
Melee: Long sword        |    60 |    39 ||    99
       Headbutt          |     6 |    11 ||    17
  Use: Potion            |       |     1 ||     1
Armor: Scale mail        |    34 |    10 ||    44
Dodge: Dodged            |    36 |    17 ||    53
Block: Buckler           |    14 |    16 ||    30
